 Dungeon Crawl Stone Soup version 0.30.0-19-g36f170ea60 (webtiles) character file.

Game seed: 8263266735855512712

468 FishyPogo the Slasher (level 7, 0/29 (56) HPs)
             Began as a Gnoll Reaver on May 30, 2023.
             Was a Believer of Vehumet.
             Slain by a black bear (6 damage)
             ... on level 4 of the Dungeon.
             The game lasted 00:21:12 (2975 turns).

FishyPogo the Slasher (Gnoll Reaver)                Turns: 2975, Time: 00:21:13

HP:   0/29 (56)     AC:  9    Str:  9 (12) XL:     7   Next: 8%
MP:   15/15         EV: 10    Int: 13 (14) God:    Vehumet [**....]
Gold: 153           SH:  0    Dex:  8 (11) Spells: 8/17 levels left

rFire   . . .        a - +0 falchion
rCold   + . .        t - +0 buckler
rNeg    . . .        s - +1 ring mail of the Fifty Lovers {+Inv rC+ Will+ Dex-5}
rPois   .            (no helmet)
rElec   .            i - +0 cloak
rCorr   .            w - +0 pair of gloves
SInv    .            d - +0 pair of boots
Will    +....        (no amulet) Stlth
                     g - +6 ring of dexterity
HPRegen 0.24/turn    (no ring)
MPRegen 0.14/turn

%: no passive effects
@: confused, ambrosia-drunk, very heavily drained
A: fangs 1, strong nose, distributed training
a: Renounce Religion, Evoke Invisibility


You were on level 4 of the Dungeon.
You worshipped Vehumet.
Vehumet was pleased with you.
You visited 1 branch of the dungeon, and saw 4 of its levels.

You collected 153 gold pieces.

Inventory:

Hand Weapons
 a - a +0 falchion (weapon)
Missiles
 c - 5 poisoned darts (quivered)
 f - 37 stones
Armour
 b - a +0 leather armour
 d - a +0 pair of boots (worn)
 i - a +0 cloak (worn)
 q - a +2 robe of cold resistance
 s - the +1 ring mail of the Fifty Lovers (worn) {+Inv rC+ Will+ Dex-5}
   (You found it on level 3 of the Dungeon)

   Dex:       It affects your dexterity (-5).
   rC:        It protects you from cold.
   +Inv:      It lets you turn invisible.
   Will:      It increases your willpower.
 t - a +0 buckler (worn)
 w - a +0 pair of gloves (worn)
Jewellery
 g - a +6 ring of dexterity (left hand)
Scrolls
 e - a scroll of amnesia {unknown}
 h - a scroll of fear {unknown}
 j - a scroll of enchant armour {unknown}
 l - 4 scrolls of identify {unknown}
 n - a scroll of blinking
 r - 2 scrolls of teleportation {unknown}
 u - a scroll of vulnerability {unknown}
 x - a scroll of immolation {unknown}
Potions
 o - 3 potions of curing
 p - a potion of flight


   Skills:
 + Level 5.2 Fighting
 + Level 2.3 Short Blades
 + Level 7.0 Long Blades
 + Level 2.3 Axes
 + Level 2.3 Maces & Flails
 + Level 2.3 Polearms
 + Level 2.3 Staves
 + Level 2.3 Ranged Weapons
 + Level 2.3 Throwing
 + Level 2.3 Armour
 + Level 5.2 Dodging
 + Level 2.3 Stealth
 + Level 2.3 Shields
 + Level 2.3 Unarmed Combat
 + Level 5.5 Spellcasting
 + Level 5.8 Conjurations
 + Level 1.9 Hexes
 + Level 1.9 Summonings
 + Level 1.9 Necromancy
 + Level 1.9 Translocations
 + Level 1.9 Transmutations
 + Level 1.9 Fire Magic
 + Level 1.9 Ice Magic
 + Level 1.9 Air Magic
 + Level 1.9 Earth Magic
 + Level 1.9 Poison Magic
 + Level 2.6 Invocations
 + Level 2.3 Evocations


You had 8 spell levels left.
You knew the following spells:

 Your Spells              Type           Power      Damage    Failure   Level
a - Scorch                Fire           16%        2d6       45%         2
b - Momentum Strike       Conj/Tloc      26%        3d8       22%         2
c - Freeze                Ice            32%        1d5       32%         1
d - Kiss of Death         Conj/Necr      52%        2d9       14%         1
e - Stone Arrow           Conj/Erth      26%        3d8       41%         3

Your spell library contained the following spells:

 Spells                   Type           Power      Damage    Failure   Level
 Hailstorm                Conj/Ice       13%        3d5       41%         3
 Inner Flame              Hex/Fire       8%         N/A       69%         3
 Flame Wave               Conj/Fire      13%        2d6       82%         4
 Sticky Flame             Conj/Fire      13%        2d4       82%         4
 Ice Form                 Ice/Tmut       8%         N/A       97%         4
 Simulacrum               Ice/Necr       4%         N/A       100%        6


Dungeon Overview and Level Annotations

Branches:
Dungeon (4/15)             Temple (0/1) D:4

Altars:
Dithmenos
Vehumet
Yredelemnul


Innate Abilities, Weirdness & Mutations

You have very sharp teeth.
Your uncanny sense of smell can sniff out nearby items.
Your experience applies equally to all skills.


Message History

Vehumet accepts your kill.
You closely miss the gnoll.
The gnoll is heavily wounded.
The gnoll closely misses you. The gnoll attacks as you move away!
The gnoll hits you but does no damage.
The gnoll seems less drained.
You bump into the rock wall.
The gnoll hits you with a +0 flail.
You bump into the rock wall.
The gnoll hits you with a +0 flail. The gnoll attacks as you move away!
The gnoll hits you with a +0 flail!
You feel less invigorated.
You feel less confused.
You hit the gnoll but do no damage.
The gnoll is moderately wounded.
The gnoll hits you with a +0 flail.
You hit the gnoll. You bite the gnoll, but do no damage.
The gnoll is severely wounded.
The gnoll hits you with a +0 flail. The black bear bites you.
* * * LOW HITPOINT WARNING * * *
The black bear claws you.
* * * LOW HITPOINT WARNING * * *
The black bear barely misses you. The gnoll hits you with a +0 flail.
* * * LOW HITPOINT WARNING * * *
You are confused.
You feel invigorated. The gnoll hits you but does no damage.
The black bear bites you.
* * * LOW HITPOINT WARNING * * *
The black bear claws you but does no damage. x2
You hit the black bear. Your bite misses the black bear.
The black bear is lightly wounded.
The gnoll hits you with a +0 flail.
* * * LOW HITPOINT WARNING * * *
The black bear closely misses you. x2; The black bear claws you.
* * * LOW HITPOINT WARNING * * *
You barely miss the gnoll.
The gnoll is heavily wounded.
The gnoll hits you with a +0 flail.
* * * LOW HITPOINT WARNING * * *
The black bear bites you.
You die...

##.####g# ###
#######.## ...####.#
### #.# #######.#
### #.# # ####g#####
#.# ####.###### ###
#.#
..........####.###.#
#.
####.####..##...##.#
..
####.####'.)hg...#.#
## ##.#
######@..#..# ###.
#### ##.##.##
##.....### ####.#
##...# #.# ##'# #.#
#. #.# #### . #.#


gg.. #.# You could see a black bear and a gnoll.

Vanquished Creatures
  A black bear (D:4)
  A jelly (D:4)
  A gnoll bouda (D:4)
  Natasha (thrice) (D:3)
  2 iguanas
  An orc wizard (D:3)
  4 gnolls (D:4)
  5 adders
  2 worms
  4 orcs (D:3)
  6 bats
  6 endoplasms
  A giant cockroach (D:3)
  8 goblins
  8 hobgoblins
  4 jackals (D:1)
  8 kobolds
  A quokka (D:3)
  7 ball pythons
  2 frilled lizards
  7 rats
82 creatures vanquished.

Notes
Turn   | Place    | Note
-------+----------+-------------------------------------------
     0 | D:1      | FishyPogo the Gnoll Reaver began the quest for the Orb.
     0 | D:1      | Reached XP level 1. HP: 20/20 MP: 6/6
    91 | D:1      | Reached XP level 2. HP: 26/26 MP: 7/7
   127 | D:1      | Learned a level 2 spell: Momentum Strike
   278 | D:1      | Found a faded altar of an unknown god.
   281 | D:1      | Prayed at the altar of an unknown god.
   281 | D:1      | Became a worshipper of Vehumet
   281 | D:1      | Reached * piety under Vehumet
   281 | D:1      | Offered knowledge of Freeze by Vehumet.
   284 | D:1      | Learned a level 1 spell: Freeze
   732 | D:2      | Reached skill level 5 in Spellcasting
   732 | D:2      | Reached XP level 3. HP: 26/26 MP: 7/9
   846 | D:2      | Reached skill level 1 in Invocations
   867 | D:2      | Found a basalt altar of Yredelemnul.
   896 | D:2      | Reached skill level 1 in Short Blades
   896 | D:2      | Reached skill level 1 in Axes
   896 | D:2      | Reached skill level 1 in Maces & Flails
   896 | D:2      | Reached skill level 1 in Polearms
   896 | D:2      | Reached skill level 1 in Staves
   896 | D:2      | Reached skill level 1 in Ranged Weapons
   896 | D:2      | Reached skill level 1 in Throwing
   896 | D:2      | Reached skill level 1 in Armour
   896 | D:2      | Reached skill level 1 in Stealth
   896 | D:2      | Reached skill level 1 in Shields
   896 | D:2      | Reached skill level 1 in Unarmed Combat
   896 | D:2      | Reached skill level 1 in Evocations
   896 | D:2      | Reached XP level 4. HP: 33/37 MP: 6/11
  1080 | D:2      | Reached skill level 1 in Hexes
  1080 | D:2      | Reached skill level 1 in Summonings
  1080 | D:2      | Reached skill level 1 in Necromancy
  1080 | D:2      | Reached skill level 1 in Translocations
  1080 | D:2      | Reached skill level 1 in Transmutations
  1080 | D:2      | Reached skill level 1 in Fire Magic
  1080 | D:2      | Reached skill level 1 in Ice Magic
  1080 | D:2      | Reached skill level 1 in Air Magic
  1080 | D:2      | Reached skill level 1 in Earth Magic
  1080 | D:2      | Reached skill level 1 in Poison Magic
  1203 | D:2      | Offered knowledge of Scorch by Vehumet.
  1208 | D:2      | Learned a level 2 spell: Scorch
  1416 | D:3      | Reached XP level 5. HP: 43/43 MP: 12/12
  1421 | D:3      | Found a shadowy altar of Dithmenos.
  1462 | D:3      | Reached ** piety under Vehumet
  1500 | D:3      | Noticed Natasha
  1504 | D:3      | Killed Natasha
  1551 | D:3      | Noticed Natasha
  1556 | D:3      | Killed Natasha
  1766 | D:3      | Identified the +1 ring mail of the Fifty Lovers {+Inv rC+
                  | Will+ Dex-5}
  1886 | D:3      | Reached XP level 6. HP: 42/50 MP: 3/14
  2249 | D:3      | Noticed Natasha
  2268 | D:3      | Killed Natasha
  2269 | D:3      | Reached skill level 5 in Fighting
  2269 | D:3      | Reached skill level 5 in Dodging
  2345 | D:4      | Found a staircase to the Ecumenical Temple.
  2363 | D:4      | HP: 1/51 [acid (7)]
  2590 | D:4      | Noticed a black bear
  2616 | D:4      | Killed a black bear
  2656 | D:4      | Offered knowledge of Stone Arrow by Vehumet.
  2666 | D:4      | HP: 1/51 [gnoll/+0 flail[a gnoll bouda] (3)]
  2702 | D:3      | Learned a level 3 spell: Stone Arrow
  2921 | D:4      | Noticed a black bear
  2947 | D:4      | Reached skill level 7 in Long Blades
  2947 | D:4      | Reached XP level 7. HP: 40/43 MP: 10/15
  2975 | D:4      | Slain by a black bear

Illustrated notes

Levels and vault maps discovered:
D:1:      psy_arrival_basics, layout_loops_ring,
          shapermc_ecumenical_altar_mp_vishouse
D:2:      layout_loops_ring, basic_altar, kennysheep_potato
D:3:      layout_rooms, mainiacjoe_overflow_alcove_2, serial_aquarium,
          aquarium_bridge_long_joined [aquarium_subvault_wall,
          aquarium_subvault_wall, aquarium_subvault_wall,
          aquarium_subvault_bridge, aquarium_subvault_window,
          aquarium_subvault_bridge], aquarium_window_corner, aquarium_window_2,
          aquarium_view_2a, aquarium_view_2d, aquarium_pool_2,
          serial_bayou_lagoon_b, uniq_natasha
D:4:      layout_loops_corners, temple_fountains, reono_crystal_passage

Skill      XL: |  1  2  3  4  5  6 |
---------------+-------------------+-----
Spellcasting   | 5 |  5.5
Invocations    | 1 2 |  2.6
Short Blades   | 1 2 |  2.3
Axes           | 1 2 |  2.3
Maces & Flails | 1 2 |  2.3
Polearms       | 1 2 |  2.3
Staves         | 1 2 |  2.3
Ranged Weapons | 1 2 |  2.3
Throwing       | 1 2 |  2.3
Armour         | 1 2 |  2.3
Stealth        | 1 2 |  2.3
Shields        | 1 2 |  2.3
Unarmed Combat | 1 2 |  2.3
Evocations     | 1 2 |  2.3
Hexes          | 1 |  1.9
Summonings     | 1 |  1.9
Necromancy     | 1 |  1.9
Translocations | 1 |  1.9
Transmutations | 1 |  1.9
Fire Magic     | 1 |  1.9
Ice Magic      | 1 |  1.9
Air Magic      | 1 |  1.9
Earth Magic    | 1 |  1.9
Poison Magic   | 1 |  1.9
Fighting       | 5 |  5.2
Dodging        | 5 |  5.2
Long Blades    | 7 |  7.0
Conjurations   | |  5.8

Action                     |  1- 3 |  4- 6 |  7- 9 || total
---------------------------+-------+-------+-------++-------
  Melee: Falchion          |    73 |   160 |    17 ||   250
         Bite              |     6 |    16 |     1 ||    23
         Punch             |     3 |       |       ||     3
  Throw: Dart              |       |     1 |       ||     1
   Cast: Freeze            |     3 |     2 |       ||     5
         Momentum Strike   |     3 |     6 |       ||     9
         Kiss of Death     |     1 |     2 |     2 ||     5
         Scorch            |       |    18 |       ||    18
    Use: Potion            |       |     6 |     2 ||     8
         Scroll            |       |     1 |       ||     1
   Stab: Sleeping          |     3 |     1 |       ||     4
 Armour: Leather armour    |    24 |    18 |       ||    42
         Ring mail         |       |    62 |    12 ||    74
         Robe              |       |     6 |       ||     6
  Dodge: Dodged            |    59 |   134 |    10 ||   203
  Block: Buckler           |       |    19 |     1 ||    20
